[Event "Late-Titled-Tuesday-Blitz-February-27-2024"]
[Site "Chess.com"]
[Date "2024.02.27"]
[Round "8"]
[White "chess94cu"]
[Black "Zhigalko_Sergei"]
[Result "0-1"]
[WhiteElo "2703"]
[BlackElo "2898"]
[TimeControl "180+1"]
[EndTime "15:27:51 PST"]
[Termination "Zhigalko_Sergei won by resignation"]

1. e4 c5 2. Nf3 Nc6 3. Bb5 Nf6 4. Nc3 Qc7 5. O-O Nd4 6. Nxd4 cxd4 7. Nd5 Nxd5 8.
exd5 Qc5 9. Qe2 Qxd5 10. Bc4 Qf5 11. d3 b5 12. Bb3 Bb7 13. c4 dxc3 14. bxc3 e6 15.
a4 Bd6 16. axb5 Qxb5 17. Ba4 Qd5 18. Qg4 O-O 19. Rb1 f5 20. Qh3 Bc6 21. Bb3 Qa5 22. Bd2 Rfb8 23. Ra1 Qc7 24. Bc4 a5 25. Qxf5 Bxh2+ 26. Kh1 Be5 27. Qh3 a4 28. d4 Bf6 29.
Bd3 g6 30. Qg4 Qd8 31. Bf4 Rb3 32. Bc4 Rxc3 33. Bxe6+ dxe6 34. Qxe6+ Kg7 35. Bd2 Rc2 36. Ra3 Qd5 37. Qxd5 Bxd5 38. Be3 Bb3 39. Rb1 Rd8 40. g3 Bxd4 41. Bf4 Bf6 42. Kg2 g5 43. Be3 Rd3 44. Bb6 Bd5+ 0-1

[Event "Late-Titled-Tuesday-Blitz-February-27-2024"]
[Site "Chess.com"]
[Date "2024.02.27"]
[Round "8"]
[White "Eeleyah"]
[Black "zajka-molotok"]
[Result "0-1"]
[WhiteElo "2339"]
[BlackElo "2506"]
[TimeControl "180+1"]
[EndTime "15:27:51 PST"]
[Termination "zajka-molotok won by resignation"]

1. d4 Nc6 2. g3 e5 3. dxe5 Nxe5 4. Bg2 Nf6 5. f4 Neg4 6. h3 Nh6 7. g4 Nhg8 8. e4 Bc5 9. e5 Nh5 10. gxh5 Qh4+ 11. Kd2 Qxf4+ 12. Kc3 Qb4+ 13. Kd3 Qd4+ 14. Ke2 Qf2+ 15. Kd3 Qxg2 16. Qf3 Qxf3+ 17. Nxf3 d6 18.
Bf4 Bf5+ 19. Kc3 O-O-O 20. Nbd2 Ne7 21. Kb3 Be6+ 22. c4 b5 23. Rac1 Nc6 24. exd6 Na5+ 25. Kc2 Nxc4 26. Nxc4 Bxc4 27. dxc7 Bd3+ 28. Kb3 Rd5 29.
Ne5 Bd6 30. Nxf7 Bxf4 31. Nxh8 Bc4+ 32. Rxc4 bxc4+ 33. Kxc4 Rf5 34. Rg1 Be5 35. h6 g5 36.
h4 Bxh8 37. hxg5 Bxb2 38. g6 hxg6 39. Rxg6 Rh5 40. Kb3 Be5 41. a4 Bxc7 42. Rg8+ Kb7 43. Rg6 a5 44. Kc4 Bb6 45. Kb3 Rh4 46. Ka3 Rh3+ 47.
Kb2 Be3 48. Rg7+ Kb6 49. h7 Bd4+ 50. Kc2 Bxg7 0-1

[Event "Late-Titled-Tuesday-Blitz-February-27-2024"]
[Site "Chess.com"]
[Date "2024.02.27"]
[Round "8"]
[White "Mikayel99"]
[Black "Binary010"]
[Result "1/2-1/2"]
[WhiteElo "2563"]
[BlackElo "2803"]
[TimeControl "180+1"]
[EndTime "15:27:52 PST"]
[Termination "Game drawn - insufficient material"]

1. d4 d5 2. c4 c6 3. Nf3 Nf6 4. Nc3 e6 5. e3 Nbd7 6. Qc2 b6 7. Bd3 Bb7 8. O-O dxc4 9. Bxc4 a6 10. e4 b5 11. Be2 c5 12. d5 exd5 13. Nxd5 Bd6 14. Rd1 Nxd5 15. exd5 O-O 16. Bd3 h6 17. b3 Ne5 18.
Nxe5 Bxe5 19. Bb2 Bxb2 20. Qxb2 Re8 21. Be2 Qd6 22. Bf3 Re5 23. Re1 Rae8 24. Rxe5 Rxe5 25. Rd1 h5 26. Qd2 g6 27. h3 Bc8 28. Re1 Rxe1+ 29.
Qxe1 Bf5 30. Qe8+ Kg7 31. Qc6 Qxc6 32. dxc6 Kf6 33. c7 Bc8 34. g4 c4 35. bxc4 bxc4 36.
gxh5 c3 37. Bd1 gxh5 38. h4 Ke5 39. Kf1 Kd6 40. Bc2 Kxc7 41. Ke2 Kd6 42. Bb3 Be6 43. Kd3 Bxb3 44. axb3 Ke5 45. Kxc3 Kf4 46. Kb4 Kg4 47. Ka5 Kxh4 48. Kxa6 Kg4 49. b4 h4 50. b5 h3 51. b6 h2 52. b7 h1=Q 53. b8=Q Qa1+ 54. Kb7 Qb2+ 55. Kc8 Qxb8+ 56. Kxb8 f5 57. Kc7 f4 58. Kd6 Kf3 59. Ke5 Kxf2 60. Kxf4 1/2-1/2

[Event "Late-Titled-Tuesday-Blitz-February-27-2024"]
[Site "Chess.com"]
[Date "2024.02.27"]
[Round "8"]
[White "Journey_to_GrandMaster_YT"]
[Black "gahryman"]
[Result "0-1"]
[WhiteElo "2509"]
[BlackElo "2691"]
[TimeControl "180+1"]
[EndTime "15:27:52 PST"]
[Termination "gahryman won by resignation"]

1. d4 Nf6 2. Nf3 d5 3. c4 e6 4. Nc3 Nbd7 5. Bg5 Bb4 6. Qb3 c5 7.
dxc5 Qa5 8. a3 Bxc5 9. e3 Ne4 10.
cxd5 exd5 11. Bd3 O-O 12. O-O Nxc3 13. bxc3 Bd6 14. Rfd1 Qc7 15. Qxd5 Ne5 16. Nxe5 Bxe5 17. Qe4 g6 18. f4 Bg7 19. Qc4 Qxc4 20. Bxc4 Bf5 21.
Bd5 Rac8 22. e4 Bg4 23. Rd3 b6 24. Rc1 Be2 25. Re3 Bc4 26. Bh4 Rfe8 27. Bxc4 Rxc4 28. e5 Rxf4 29. Bg3 Ra4 30. c4 Bh6 31. Rcc3 Bxe3+ 32. Rxe3 Rxc4 33. Kf2 h5 34. h4 Re6 35. Kf3 Rec6 36. Be1 Kf8 37. g3 Ke8 38. Bb4 a5 39. Bd6 Rc3 40.
Rxc3 Rxc3+ 41. Kf4 Kd7 42. g4 Rc4+ 43. Kg5 Rxg4+ 44. Kf6 Rf4+ 45. Kg7 Ke6 46. Bc7 a4 47. Bxb6 Rxh4 48. Bc7 Re4 49. Bd6 Rxe5 50. Bxe5 Kxe5 51. Kxf7 h4 52. Kxg6 h3 53. Kf7 h2 54. Ke7 h1=Q 55.
Kd7 Qd5+ 0-1

[Event "Late-Titled-Tuesday-Blitz-February-27-2024"]
[Site "Chess.com"]
[Date "2024.02.27"]
[Round "8"]
[White "GilbertoHernandezAmura"]
[Black "karinachess1"]
[Result "1-0"]
[WhiteElo "2467"]
[BlackElo "2599"]
[TimeControl "180+1"]
[EndTime "15:27:57 PST"]
[Termination "GilbertoHernandezAmura won by resignation"]

1. d4 Nf6 2. Bg5 e6 3. e3 Be7 4. Nd2 b6 5. Qf3 d5 6. Bd3 Bb7 7. h4 Nbd7 8. h5 h6 9. Bf4 Bd6 10. Bxd6 cxd6 11. Qg3 Qe7 12. Qxg7 O-O-O 13. Qg3 e5 14.
O-O-O Kb8 15. Bf5 Rhg8 16. Qh4 Bc8 17. g3 Rg5 18. g4 Nf8 19. Bxc8 Rxc8 20. f3 exd4 21.
exd4 Ne6 22. Nb3 Nf4 23. Nh3 Nxh3 24. Qxh3 Qe3+ 25. Kb1 Rgg8 26. Qh2 Rgd8 27. Rd3 Qg5 28. a4 Rc6 29. a5 Rdc8 30. Rc1 Qg7 31. Qf4 Kb7 32.
axb6 axb6 33. Re3 R8c7 34. Qf5 Qh8 35. c3 Qg7 36. Rce1 Ng8 37. Re8 f6 38. Nc1 Ne7 39. Qd3 Nc8 40. Na2 Rc4 41. Qf5 Qf7 42. Rh8 b5 43.
Rxh6 b4 44. Nxb4 Rxb4 45. cxb4 Nb6 46. Rxf6 Qg7 47. h6 Qh8 48. Rf7 Qxd4 49. Rxc7+ Kxc7 50. h7 Nc4 51. Qc2 Qg7 52. b3 Kb6 53. bxc4 d4 54. Qe4 Qxh7 55. Qxh7 1-0

[Event "Late-Titled-Tuesday-Blitz-February-27-2024"]
[Site "Chess.com"]
[Date "2024.02.27"]
[Round "8"]
[White "vugarrasulov"]
[Black "GmSergioBarrientos"]
[Result "1-0"]
[WhiteElo "2988"]
[BlackElo "2732"]
[TimeControl "180+1"]
[EndTime "15:28:00 PST"]
[Termination "vugarrasulov won by resignation"]

1. a3 c6 2. Nf3 d5 3. b4 Bg4 4. Bb2 Nd7 5. e3 Ngf6 6. Be2 e6 7. h3 Bh5 8. d4 Bd6 9. c4 Bxf3 10. Bxf3 O-O 11.
O-O Qe7 12. Qb3 Rfe8 13. Nc3 Rad8 14. Rfd1 Bb8 15. b5 dxc4 16. Qxc4 cxb5 17. Qxb5 b6 18. a4 e5 19. Ba3 Bd6 20. Bxd6 Qxd6 21. a5 g6 22.
axb6 axb6 23. Qc6 Re6 24. Qxd6 Rxd6 25. Nb5 Re6 26. d5 Ree8 27. Nc7 Rf8 28. d6 e4 29. Be2 Ne5 30. Bb5 Rb8 31. Nd5 Kg7 32. Nxf6 Kxf6 33. Ra4 Rfd8 34. Rxe4 Rbc8 35. Rd5 Nd7 36.
Re7 Nc5 37. f3 Ne6 38. Rb7 Rc1+ 39. Kf2 Rc2+ 40. Kg3 Rc5 41. Rxc5 bxc5 42. Rb6 Ke5 43. Bc4 g5 44. Kg4 f5+ 45. Kh5 Rxd6 46. Rxd6 Kxd6 47. Kh6 Ke5 48. Kxh7 f4 49. e4 Kf6 50. Kh6 Nd4 51. e5+ Kf5 52. Bd3+ Kxe5 53. Kxg5 Ne6+ 54. Kg6 Kd4 55. Bf5 Ke5 56. Bd3 Kd4 57. Bb1 Ke3 58. h4 Kf2 59. Kf5 Nd4+ 60. Kxf4 Ne2+ 61. Kg4 Nc3 62.
Bc2 Nd5 63. Kg5 Ne3 64. Bb1 Kxg2 65. h5 Kxf3 66. h6 Nc4 67. h7 Ne5 68. Kf6 Ng4+ 69. Ke6 1-0

[Event "Late-Titled-Tuesday-Blitz-February-27-2024"]
[Site "Chess.com"]
[Date "2024.02.27"]
[Round "8"]
[White "Narek_Ghimoyan"]
[Black "maximnovik"]
[Result "1-0"]
[WhiteElo "2425"]
[BlackElo "2593"]
[TimeControl "180+1"]
[EndTime "15:28:02 PST"]
[Termination "Narek_Ghimoyan won on time"]

1. d4 Nf6 2. c4 g6 3. Nc3 d5 4. cxd5 Nxd5 5. e4 Nxc3 6. bxc3 Bg7 7. Nf3 c5 8. Rb1 O-O 9. Be2 b6 10. O-O Bb7 11. d5 Bxc3 12. Bb2 Bxb2 13. Rxb2 Nd7 14. Qd2 Nf6 15. Qf4 Nh5 16. Qh6 f6 17. g4 Ng7 18.
Bc4 Qd6 19. e5 Qd8 20. exf6 exf6 21. d6+ Rf7 22. Bxf7+ Kxf7 23. Re1 Qxd6 24. Rbe2 Bxf3 25. Re7+ Qxe7 26. Rxe7+ Kxe7 27. Qxg7+ Ke6 28. h3 Rc8 29. Qxa7 Rc6 30. Qxh7 Be4 31. Qg8+ Ke5 32. Qe8+ Kd4 33. f3 Bd5 34. Kf2 Re6 35. Qa4+ c4 36. Qb4 Kd3 37.
Qb1+ Kd4 38. Qd1+ Kc5 39. Qd2 b5 40. a3 Rc6 41. Qc3 Re6 42. Qb4+ Kc6 43. a4 bxa4 44.
Qxa4+ Kc5 45. Qa5+ Kd4 46. Qd2+ Kc5 47. h4 f5 48.
gxf5 gxf5 49. h5 Rc6 50. h6 Bg8 51. Qe3+ Kb4 52. Qe7+ Kb5 53. Qb7+ Kc5 54. Qa7+ Kb5 55. Qb8+ Kc5 56. Qxg8 Rxh6 57. Qc8+ Rc6 58. Qxf5+ Kb4 59. Qc2 1-0

[Event "Late-Titled-Tuesday-Blitz-February-27-2024"]
[Site "Chess.com"]
[Date "2024.02.27"]
[Round "8"]
[White "ArturoCaceres"]
[Black "LUISMIGUELOV"]
[Result "1-0"]
[WhiteElo "2445"]
[BlackElo "2191"]
[TimeControl "180+1"]
[EndTime "15:28:02 PST"]
[Termination "ArturoCaceres won on time"]

1. b3 c6 2. Bb2 d5 3. Nf3 Bg4 4. Ne5 h5 5. d3 Nf6 6. Nd2 Nbd7 7.
h3 Bf5 8. e3 Nxe5 9. Bxe5 e6 10. Bb2 Bb4 11. a3 Ba5 12. b4 Bc7 13. Qe2 a5 14. e4 dxe4 15. dxe4 Bg6 16. g3 axb4 17. axb4 Rxa1+ 18. Bxa1 O-O 19. Bg2 h4 20. g4 Qe7 21.
Bc3 Ra8 22. O-O Ra3 23. Nb1 Rxc3 24. Nxc3 Qxb4 25. Qd3 Nd5 26. Nxd5 cxd5 27. c3 Qd6 28.
f4 Qc5+ 29. Kh1 Bxe4 30. Bxe4 dxe4 31. Qxe4 Qxc3 32. Qg2 Qe3 33. Qf3 Qd2 34. Qxb7 Bxf4 35. Qa8+ Kh7 36. Qe4+ f5 37. Qxf4 Qd5+ 38. Qf3 Qd2 39.
gxf5 exf5 40. Qxf5+ Kg8 41. Qf7+ Kh7 42. Qf5+ Kg8 43.
Qf3 Qd6 44. Qg2 Qd3 45. Rg1 Qc3 46. Qd5+ Kh8 47. Qd8+ Kh7 48. Qxh4+ Kg8 49. Qg3 Qc6+ 50. Kh2 Qc2+ 51. Rg2 1-0

[Event "Late-Titled-Tuesday-Blitz-February-27-2024"]
[Site "Chess.com"]
[Date "2024.02.27"]
[Round "8"]
[White "kripri"]
[Black "db-banana"]
[Result "0-1"]
[WhiteElo "2351"]
[BlackElo "2483"]
[TimeControl "180+1"]
[EndTime "15:28:04 PST"]
[Termination "db-banana won by checkmate"]

1. e4 Nf6 2. e5 Nd5 3. d4 d6 4. Nf3 dxe5 5. Nxe5 g6 6. Be2 Bg7 7. O-O O-O 8. c4 Nb6 9. Nc3 c6 10. Be3 Be6 11. b3 N8d7 12. Nxd7 Qxd7 13. Qd2 Rad8 14. Rfd1 Bg4 15. Ne4 Bxe2 16. Qxe2 Nc8 17. Rac1 Nd6 18. Nc5 Qc8 19. Qf3 Nf5 20. Qe4 b6 21. Na4 Rd6 22. d5 Nxe3 23. Qxe3 e6 24. dxc6 Qxc6 25. Nc3 Rfd8 26. Rxd6 Qxd6 27. g3 Bd4 28. Qf3 Qa3 29. Rd1 Qe7 30. Kg2 Bxc3 31. Rxd8+ Qxd8 32. Qxc3 Qd6 33. Qf3 a5 34. Qe4 h5 35. Qe3 Qc6+ 36. Qf3 Qc5 37. h4 a4 38. Qd3 axb3 39. axb3 Kh7 40.
Qc3 Qc6+ 41. Kh2 Qc5 42. Qd2 Qa3 43. Qe3 Qd6 44. Qf3 Kg8 45. Kg2 Qc5 46. Qe3 Qb4 47. Qd3 Qc5 48. Kh2 Qxf2+ 49. Kh3 Qf5+ 50. Qxf5 gxf5 51.
Kg2 Kf8 52. Kf3 Ke7 53. Kf4 Kd6 54. Kg5 e5 55. Kxh5 e4 56. Kg5 e3 57. h5 e2 58.
h6 e1=Q 59. h7 Qh1 60. Kxf5 Qxh7+ 61. Kf6 Qg6# 0-1

[Event "Late-Titled-Tuesday-Blitz-February-27-2024"]
[Site "Chess.com"]
[Date "2024.02.27"]
[Round "8"]
[White "ChessFanNM"]
[Black "C_K_G"]
[Result "0-1"]
[WhiteElo "2308"]
[BlackElo "2174"]
[TimeControl "180+1"]
[EndTime "15:28:04 PST"]
[Termination "C_K_G won on time"]

1. Nf3 d5 2. e3 e6 3. c4 Nf6 4. b3 Bd6 5. Bb2 O-O 6. Qc2 Nbd7 7. Nc3 c6 8. g4 Nxg4 9. Rg1 f5 10. Be2 Nxh2 11. Rxg7+ Kxg7 12. Ne4+ e5 13. Nxd6 Nxf3+ 14. Bxf3 Qf6 15. Nxc8 Raxc8 16. O-O-O Kf7 17. Bh5+ Ke7 18. Ba3+ Kd8 19. Bxf8 Nxf8 20. Kb1 Ne6 21. Rg1 Kc7 22. Be2 Kb8 23. d3 d4 24. Qc1 e4 25. dxe4 fxe4 26. Bg4 Rd8 27. Bxe6 Qxe6 28. exd4 Rxd4 29. Qf4+ Qd6 30. Rg8+ Kc7 31. Rg7+ Kb6 32.
Qxd6 Rxd6 33. Rxh7 Rd2 34. Re7 Re2 35. Kc1 Kc5 36.
Rxb7 a5 37. Re7 Kd4 38. Kd1 Rxf2 39. Rd7+ Ke3 40. Ke1 Rxa2 41. Kf1 Rf2+ 42. Kg1 Rb2 43. Kf1 Rxb3 44. c5 Rc3 45. Ra7 Rxc5 46. Ra6 Kd3 47. Kf2 Rc2+ 48. Kg3 e3 0-1

[Event "Late-Titled-Tuesday-Blitz-February-27-2024"]
[Site "Chess.com"]
[Date "2024.02.27"]
[Round "8"]
[White "janhelmer03"]
[Black "GiorgianBarbosa"]
[Result "1-0"]
[WhiteElo "2398"]
[BlackElo "2518"]
[TimeControl "180+1"]
[EndTime "15:28:05 PST"]
[Termination "janhelmer03 won by checkmate"]

1. Nf3 Nf6 2. c4 g6 3. Nc3 Bg7 4. e4 O-O 5. d4 d6 6. Be2 e5 7. O-O Nc6 8. d5 Ne7 9. b4 Nh5 10. Re1 Nf4 11. Bf1 f5 12. Bxf4 exf4 13. e5 h6 14. Qb3 g5 15. exd6 cxd6 16. c5 g4 17. Nd2 Kh8 18. Nc4 dxc5 19. bxc5 Nxd5 20. Rad1 Bxc3 21.
Rxd5 Qxd5 22. Qxc3+ Kh7 23. Nd6 Qg8 24. Re7+ Kg6 25.
Bc4 Qh8 26. Qc1 Qf6 27. Bf7+ Kg5 28. g3 Qd4 29. Ne4+ Qxe4 30. Rxe4 Rxf7 31. Qxf4+ Kg6 32.
Re8 b6 33. Rh8 Rh7 34. Qd6+ Kg7 35. Rxh7+ Kxh7 36. Qc6 Rb8 37. Qc7+ Kg6 38. Qxb8 Be6 39. Qd6 Kf7 40. c6 b5 41. c7 a5 42. Qxe6+ Kxe6 43. c8=Q+ Ke5 44. Qc5+ Ke4 45. Qxb5 Kf3 46. Qxa5 f4 47.
Qd5+ Ke2 48. gxf4 g3 49. fxg3 h5 50. Qxh5+ Ke1 51. Qe5+ Kd2 52. Kf2 Kd3 53. Qe3+ Kc4 54. Qb3+ Kd4 55. a4 Ke4 56. Qe3+ Kf5 57. Qe5+ Kg4 58.
Qg5+ Kh3 59. Qh5# 1-0

[Event "Late-Titled-Tuesday-Blitz-February-27-2024"]
[Site "Chess.com"]
[Date "2024.02.27"]
[Round "8"]
[White "TheAlienParty"]
[Black "ATM622"]
[Result "0-1"]
[WhiteElo "2380"]
[BlackElo "2523"]
[TimeControl "180+1"]
[EndTime "15:28:06 PST"]
[Termination "ATM622 won on time"]

1. c4 Nf6 2. Nc3 e5 3. Nf3 d6 4. e4 Nc6 5. d4 exd4 6. Nxd4 Bd7 7. Nc2 g6 8. f3 Bg7 9. Be3 O-O 10. Be2 Nh5 11.
O-O Be5 12. f4 Bxc3 13. bxc3 Ng7 14. c5 dxc5 15. Bxc5 Re8 16. Bf3 Be6 17. Nd4 Nxd4 18. cxd4 Bc4 19. Rf2 Ne6 20. Ba3 Qxd4 21. Qxd4 Nxd4 22.
e5 Nxf3+ 23. Rxf3 Bd5 24. Rc3 c6 25. Bd6 Rad8 26. a4 Re6 27. a5 f6 28. Rb1 Rd7 29. Kf2 g5 30. g3 fxe5 31. Bxe5 Rf7 32. Ke3 g4 33. Kd4 Rd7 34. Ke3 Rf7 35. Kd4 Rd7 36.
Ke3 Kf7 37. Rb2 Kg6 38. Rd2 Kf5 39. Rd4 Rde7 40. Rb4 Rd7 41. Kf2 Bf3 42. Rc2 Ree7 43. Bb8 Rd1 44. Rc5+ Kg6 45. Rg5+ Kf7 46. Rf5+ Ke8 47.
Re5 Rd2+ 48. Ke3 Re2+ 49. Kd3 R7xe5 50. fxe5 c5 51. Rf4 Rxh2 52. Bxa7 Ra2 53. Bxc5 Rxa5 54. Kc4 b6 0-1

[Event "Late-Titled-Tuesday-Blitz-February-27-2024"]
[Site "Chess.com"]
[Date "2024.02.27"]
[Round "8"]
[White "jcibarra"]
[Black "GMVignirVatnar"]
[Result "1/2-1/2"]
[WhiteElo "2926"]
[BlackElo "2734"]
[TimeControl "180+1"]
[EndTime "15:28:08 PST"]
[Termination "Game drawn by agreement"]

1. e4 c5 2. Nf3 Nc6 3. Nc3 Nf6 4. d4 cxd4 5. Nxd4 h5 6. Bg5 Qa5 7. Bxf6 gxf6 8. Nb3 Qe5 9. g3 e6 10. f4 Qd6 11. Qf3 Nd4 12. Nxd4 Qxd4 13. a3 a6 14. Bg2 h4 15. Rf1 Rb8 16. Rf2 b5 17. Rd2 Qb6 18. e5 h3 19. Bf1 f5 20. b4 Bb7 21. Qd3 Qc7 22. O-O-O Bc6 23. Kb2 a5 24. Na2 Bd5 25. c3 Be7 26. Nc1 f6 27. Qe3 fxe5 28. fxe5 Rg8 29. Rxd5 exd5 30. Qd4 axb4 31. axb4 Rc8 32. Bxb5 Rg4 33. Qd3 Qxe5 34. Ne2 Rxb4+ 35. Kc2 Re4 36.
Rd2 Bg5 37. Qxd5 Qxd5 38. Rxd5 Ke7 39. Rxf5 Bf6 40. Rh5 Re5 41. Rh7+ Kf8 42. Bd3 Ra8 43. Kb3 Rb8+ 44. Kc2 Ra8 45. Nf4 Ra2+ 46. Kb3 Rxh2 47. Ng6+ Kg8 48. Nxe5 Bxe5 49. Bf5 Rg2 50. Rxh3 Rxg3 51.
Rxg3+ Bxg3 52. Bxd7 Kf7 53. Bg4 Ke7 54. c4 Kd6 55.
c5+ Kc7 56. c6 Bh2 57. Bf3 Kd6 58. Bg2 Kc7 59. Kc4 Kd6 60. Bf3 Kc7 61. Kb5 Bg1 1/2-1/2

[Event "Late-Titled-Tuesday-Blitz-February-27-2024"]
[Site "Chess.com"]
[Date "2024.02.27"]
[Round "8"]
[White "pooh2012"]
[Black "GodzillaChessYoutube"]
[Result "1-0"]
[WhiteElo "2495"]
[BlackElo "2630"]
[TimeControl "180+1"]
[EndTime "15:28:09 PST"]
[Termination "pooh2012 won by checkmate"]

1. d4 Nf6 2. c4 e6 3. Nc3 Bb4 4. g3 d5 5. Bg2 O-O 6. Nf3 Nc6 7.
cxd5 exd5 8. O-O h6 9. Ne5 a5 10. Nxc6 bxc6 11. Na4 Re8 12. a3 Bd6 13. Bd2 Ba6 14. Re1 Bb5 15. Rc1 Ne4 16. Nc3 a4 17. Nxe4 dxe4 18. Qc2 f5 19. f3 e3 20. Bc3 f4 21. Qg6 Qg5 22. Qxg5 hxg5 23. Bb4 Kf7 24.
Bxd6 cxd6 25. Bh3 Kf6 26. Bd7 Reb8 27. Bxc6 Bxc6 28. Rxc6 Rxb2 29. Rxd6+ Kf7 30. gxf4 gxf4 31. Kg2 Rc8 32. Kh3 Rcc2 33. Kg4 Rxe2 34. Rxe2 Rxe2 35. Kxf4 Rxh2 36. Kxe3 Ra2 37. Ra6 Rxa3+ 38. Ke4 Ra1 39. Ra7+ Kf6 40. Kd5 a3 41. Kd6 Rd1 42. d5 Rd3 43. f4 g6 44. Kc6 Kf5 45. d6 Rc3+ 46. Kd5 Kxf4 47. d7 g5 48. Ra4+ Ke3 49. Re4+ Kf3 50.
Rd4 a2 51. d8=Q a1=Q 52. Qf6+ Ke2 53. Re4+ Kd2 54. Qf2+ Kd3 55. Re3# 1-0

[Event "Late-Titled-Tuesday-Blitz-February-27-2024"]
[Site "Chess.com"]
[Date "2024.02.27"]
[Round "8"]
[White "PapaieDudu"]
[Black "PattyCastillo"]
[Result "0-1"]
[WhiteElo "2377"]
[BlackElo "2016"]
[TimeControl "180+1"]
[EndTime "15:28:10 PST"]
[Termination "PattyCastillo won by checkmate"]

1. Nf3 c5 2. c4 Nf6 3. Nc3 d6 4. g3 Nc6 5. Bg2 Bd7 6. O-O g6 7. a3 Bg7 8. Rb1 a5 9. b4 axb4 10. axb4 cxb4 11. Nd5 Be6 12. Ng5 Bxd5 13. cxd5 Ne5 14.
Rxb4 Qc7 15. Qb3 O-O 16. Rxb7 Qc5 17. d4 Qxd4 18. Bb2 Qd2 19. Nh3 Qxe2 20. Rxe7 Nf3+ 21.
Qxf3 Qxe7 22. Nf4 Nd7 23. Bxg7 Kxg7 24. Qc3+ Kg8 25. Re1 Qf6 26. Qc7 Ne5 27. Rc1 Ra2 28. h4 Ng4 29. Nh3 Nxf2 30. Nf4 Qd4 31. Rc4 Ra1+ 32. Kh2 Qf6 33. Bf3 Qf5 34. Qxd6 Ra2 35. Kg1 Qb1+ 36. Kg2 Ng4+ 37. Kh3 Ne3 38. Rc3 Qf1+ 39.
Ng2 Nxg2 40. Bxg2 Qxg2+ 41. Kg4 h5+ 42. Kg5 Qd2+ 43. Re3 Qxe3+ 44. Kf6 Rf2+ 45. Qf4 Rxf4+ 46. gxf4 Qxf4+ 47. Ke7 Qxh4+ 48. Kd7 Qd4 49. d6 Qd5 50. Ke7 Qxd6+ 51. Kxd6 h4 52. Ke5 h3 53. Kf4 h2 54.
Kg5 h1=Q 55. Kf6 Qh5 56. Ke7 Qf5 57. Kd6 g5 58. Ke7 g4 59. Kd6 g3 60. Ke7 g2 61. Kd6 g1=Q 62. Kc7 Qd1 63. Kb6 Qfc2 64. Ka6 Qdb1 65. Ka5 Qca2# 0-1

[Event "Late-Titled-Tuesday-Blitz-February-27-2024"]
[Site "Chess.com"]
[Date "2024.02.27"]
[Round "8"]
[White "Zampronha1971"]
[Black "ritanovikova"]
[Result "1/2-1/2"]
[WhiteElo "2336"]
[BlackElo "2232"]
[TimeControl "180+1"]
[EndTime "15:28:11 PST"]
[Termination "Game drawn by repetition"]

1. e4 d5 2. exd5 Qxd5 3. Nc3 Qd6 4. g3 Nf6 5. Bg2 a6 6. Nf3 Nc6 7. O-O Bg4 8. h3 Bh5 9. g4 Bg6 10. d3 e6 11. Qe2 O-O-O 12. Bg5 Be7 13. Bh4 Nd5 14. Bg3 Qd7 15. Nxd5 exd5 16. d4 Rhe8 17. Ne5 Nxe5 18. dxe5 f6 19. f4 fxe5 20. fxe5 Kb8 21. Rad1 c6 22. c4 Bc5+ 23. Kh2 Qe6 24. cxd5 cxd5 25. Qd2 Be4 26. Bxe4 dxe4 27. Qxd8+ Rxd8 28. Rxd8+ Kc7 29. Rdd1 e3 30. Rfe1 Kc6 31. Rc1 Kb6 32.
a3 a5 33. b4 axb4 34. axb4 Bd4 35. Rc2 Bxe5 36. Rxe3 Bxg3+ 37. Rxg3 Qd6 38. Rb2 g6 39. h4 h5 40. gxh5 gxh5 41. Rg2 Qf4 42. Kh3 Qxb4 43.
Rg6+ Kc7 44. Rg7+ Kb8 45. R7g5 Qc3+ 46. Kh2 Qc7+ 47. Kh3 Qd7+ 48. Kh2 Qd6+ 49. Kh1 Qd1+ 50. Kh2 Qf3 51. Rg8+ Ka7 52. Ra2+ Kb6 53. Rb2+ Kc6 54. Rg6+ Kc5 55. Rg5+ Kc4 56. Rbb5 Qf4+ 57. Kh3 Qf3+ 58. Kh2 Qf2+ 59. Kh3 Qf1+ 60. Kh2 Qe2+ 61. Kh3 Qe6+ 62. Kh2 Qe2+ 63. Kh3 Qf1+ 64. Kh2 Qf2+ 65. Kh3 Qf3+ 66. Kh2 1/2-1/2

[Event "Late-Titled-Tuesday-Blitz-February-27-2024"]
[Site "Chess.com"]
[Date "2024.02.27"]
[Round "8"]
[White "Statham_01"]
[Black "Nemsko"]
[Result "0-1"]
[WhiteElo "2535"]
[BlackElo "2411"]
[TimeControl "180+1"]
[EndTime "15:28:12 PST"]
[Termination "Nemsko won by checkmate"]

1. e4 e5 2. Nf3 Nc6 3. c3 Nf6 4.
d4 d5 5. Bb5 dxe4 6. Nxe5 Bd7 7.
Bxc6 Bxc6 8. Nxc6 bxc6 9. O-O Bd6 10. Bg5 O-O 11. Nd2 Re8 12. Re1 h6 13. Bxf6 Qxf6 14. Qg4 h5 15. Qxh5 Qf4 16. g3 Qxd2 17. Re2 Qd3 18. Rae1 Rab8 19. Qf5 g6 20. Qd7 Qc4 21. h4 Rbd8 22. Qg4 Qe6 23. Qg5 Qf5 24. Qh6 Qh5 25. Qxh5 gxh5 26. Rxe4 Rxe4 27. Rxe4 Kf8 28. Re2 Re8 29. Rd2 Re1+ 30. Kg2 Kg7 31. Kf3 Kf6 32.
a3 Kf5 33. Rd3 f6 34. b4 Re4 35. c4 Bf8 36. Kg2 Bh6 37. f4 Re2+ 38. Kf3 Re8 39. d5 Rd8 40. a4 Bf8 41. b5 cxd5 42. cxd5 Bc5 43. Rd1 Bb6 44. Rd3 Re8 45. Ra3 Rd8 46. a5 Bc5 47. Rd3 Rd6 48. Rd1 Bb4 49. a6 Bc5 50. Rd3 Bb6 51. Rd1 Kg6 52. Ke4 f5+ 53.
Ke5 Rd8 54. Ke6 Bc5 55. Ke5 Re8# 0-1

[Event "Late-Titled-Tuesday-Blitz-February-27-2024"]
[Site "Chess.com"]
[Date "2024.02.27"]
[Round "8"]
[White "ACollins05"]
[Black "1977Ivan"]
[Result "1/2-1/2"]
[WhiteElo "2599"]
[BlackElo "2736"]
[TimeControl "180+1"]
[EndTime "15:28:13 PST"]
[Termination "Game drawn by repetition"]

1. d4 d5 2. c4 e6 3. Nf3 Nf6 4. g3 Bd6 5. Bg2 O-O 6. O-O Nc6 7. Nc3 dxc4 8. Qa4 e5 9. dxe5 Nxe5 10. Nxe5 Bxe5 11. Qxc4 Qe7 12. Bg5 c6 13. Rad1 h6 14.
Be3 Be6 15. Qc5 Qxc5 16. Bxc5 Rfd8 17. a3 Bb3 18. Rxd8+ Rxd8 19. Bxa7 Rd2 20. Rb1 Bc2 21. Rc1 Bg6 22. b4 Bxc3 23. Rxc3 Rd1+ 24. Bf1 Bf5 25. Kg2 Nd5 26. Rc5 Be4+ 27. f3 Ne3+ 28. Kf2 Nxf1 29. fxe4 Nxh2 30. b5 cxb5 31. Rxb5 Rd7 32. Be3 f6 33.
Bf4 g6 34. Bc1 Ng4+ 35. Kf3 h5 36. Bb2 Re7 37. Rb6 Kf7 38. Rb4 Rc7 39. Rb6 g5 40.
Bd4 Rd7 41. Bb2 Re7 42. Bd4 Kg6 43. Bb2 Nh2+ 44. Kg2 Ng4 45. Kf3 Ne5+ 46. Bxe5 Rxe5 47. Rxb7 Rc5 48. Rb3 Rc1 49. Rb6 Rc3+ 50. Kf2 Kf7 51. Ra6 Rc1 52. a4 Ra1 53. Ke3 Ra3+ 54. Kf2 Ke7 55.
a5 Kf7 56. Ra8 Kg7 57. e3 g4 58. a6 Ra2+ 59. Kf1 Kf7 60. Rh8 Kg6 61. Ra8 Kg7 62. a7 Kh7 63. Kg1 Kg7 64. Kf1 Ra4 65.
Ke2 Ra2+ 66. Kf1 1/2-1/2

[Event "Late-Titled-Tuesday-Blitz-February-27-2024"]
[Site "Chess.com"]
[Date "2024.02.27"]
[Round "8"]
[White "IMRosen"]
[Black "xakevicius91"]
[Result "1/2-1/2"]
[WhiteElo "2696"]
[BlackElo "2580"]
[TimeControl "180+1"]
[EndTime "15:28:19 PST"]
[Termination "Game drawn - insufficient material"]

1. e4 c5 2. Nc3 Nc6 3. Bb5 Nd4 4.
Nf3 e6 5. O-O a6 6. Bd3 Nc6 7.
Be2 Qc7 8. d4 cxd4 9. Nxd4 Nf6 10. Be3 Be7 11. f4 d6 12. Qe1 Nxd4 13. Bxd4 O-O 14.
Kh1 b5 15. a3 Bb7 16. Bf3 Rac8 17. Qg3 Bc6 18. Rae1 Rfd8 19. Qf2 Qb7 20. Bb6 Re8 21. h3 Nd7 22. Be3 a5 23. Bd4 b4 24. axb4 axb4 25. Nd1 Bf6 26. e5 Be7 27. Bxc6 Qxc6 28. Ne3 Qe4 29. c3 bxc3 30. bxc3 Ra8 31. f5 Nxe5 32.
fxe6 fxe6 33. Bxe5 Qxe5 34. Qf7+ Kh8 35. Nf5 Qf6 36.
Nxd6 Qxf7 37. Nxf7+ Kg8 38. Rxe6 Bf6 39. Nh6+ Kh8 40.
Nf7+ Kg8 41. Nh6+ Kh8 42. Rxe8+ Rxe8 43. Nf7+ Kg8 44. Nd6 Re6 45. Nb5 Rc6 46. Rf3 Rc5 47.
Nd4 Rc4 48. Rd3 h6 49. g3 Kf7 50. Kg2 Bxd4 51. cxd4 Ke6 52. d5+ Kd6 53. Kf3 Rc5 54. Ke4 g6 55. h4 Rc4+ 56. Rd4 Rc3 57. Rd3 Rxd3 58. Kxd3 Kxd5 59. Ke3 Ke5 60. Kf3 h5 61. Ke3 Kf5 62. Kf3 g5 63. hxg5 Kxg5 64. Kf2 Kg4 65.
Kg2 Kg5 66. Kh3 Kg6 67. Kh4 Kh6 68. Kh3 Kg6 69. Kh4 Kh6 70. g4 hxg4 71. Kxg4 1/2-1/2